 Dungeon Crawl Stone Soup version 0.22-a0-469-gf26638a (webtiles) character file.

13612 Ijustatesigmund the Demon Slayer (level 12, -16/110 HPs)
             Began as a Hill Orc Fighter on June 13, 2018.
             Was a High Priest of the Shining One.
             Killed from afar by an ice dragon (50 damage)
             ... with a blast of cold
             ... on level 12 of the Dungeon.
             The game lasted 00:40:34 (14509 turns).

Ijustatesigmund the Demon Slayer (HOFi)            Turns: 14509, Time: 00:40:34

Health: -16/110    AC: 11    Str: 20    XL:     12   Next: 7%
Magic:  5/7        EV: 13    Int:  8    God:    the Shining One [*****.]
Gold:   238        SH: 21    Dex: 14    Spells: 11/11 levels left

rFire    + . .     SeeInvis .   l - +1 war axe (antimagic)
rCold    . . .     Gourm    .   F - +0 shield {rF+}
rNeg     + + .     Faith    .   E - +0 troll leather armour
rPois    +         Spirit   .   (no helmet)
rElec    .         Reflect  .   (no cloak)
rCorr    .         Harm     .   (no gloves)
MR       .....                  B - +1 pair of boots
Stlth    +.........             h - amulet of rage
HPRegen  0.68/turn              j - +6 ring of protection
MPRegen  0.10/turn              H - ring of poison resistance

@: divine shield, glowing
A: talons 1, deformed body
a: Divine Shield, Cleansing Flame, Summon Divine Warrior, Renounce Religion,
Evoke Berserk Rage


You were on level 12 of the Dungeon.
You worshipped the Shining One.
The Shining One was extremely pleased with you.
You were not hungry.

You visited 2 branches of the dungeon, and saw 13 of its levels.
You also visited: Ossuary.

You collected 755 gold pieces.
You spent 517 gold pieces at shops.

Inventory:

Hand Weapons
 a - a +1 war axe
 l - a +1 antimagic war axe (weapon)
 x - a +2 morningstar of protection
Armour
 b - a +0 chain mail
 B - a +1 pair of boots (worn)
 E - a +0 troll leather armour (worn)
 F - a +0 shield of fire resistance (worn)
Jewellery
 h - an amulet of rage (around neck)
 j - a +6 ring of protection (left hand)
 H - a ring of poison resistance (right hand)
Wands
 v - a wand of enslavement (7)
Scrolls
 c - a scroll of fog
 i - 6 scrolls of teleportation
 m - a scroll of magic mapping
 p - 8 scrolls of remove curse
 q - a scroll of summoning
 w - a scroll of blinking
 y - 4 scrolls of identify
 A - 2 scrolls of enchant weapon
 D - a scroll of enchant armour
Potions
 d - a potion of heal wounds
 e - 2 potions of flight
 g - a potion of haste
 k - 3 potions of lignification
 n - a potion of might
 o - a potion of berserk rage
 s - a potion of brilliance
 t - 4 potions of cancellation
 u - a potion of resistance
 z - 2 potions of agility
 C - 2 potions of curing
 I - a potion of ambrosia {unknown}
Comestibles
 f - 24 rations
 G - 2 chunks of flesh


   Skills:
 + Level 11.3 Fighting
 + Level 12.3 Axes
 - Level 6.5 Armour
 - Level 5.1 Dodging
 - Level 6.5 Shields
 + Level 12.3 Invocations
 - Level 2.5 Evocations


You had 11 spell levels left.
You didn't know any spells.
Your spell library contained the following spells:

 Spells                   Type           Power        Failure   Level  Hunger
 Cause Fear               Hex            #.........   100%        4    #####..
 Slow                     Hex            #.......     92%         2    ###....
 Summon Small Mammal      Summ           #...         83%         1    ##.....
 Animate Dead             Necr           N/A          100%        4    #####..
 Pain                     Necr           #...         83%         1    ##.....
 Animate Skeleton         Necr           N/A          83%         1    ##.....
 Vampiric Draining        Necr           #.........   99%         3    ####...
 Summon Ice Beast         Ice/Summ       #.......     100%        4    #####..
 Call Imp                 Summ           #.......     92%         2    ###....
 Regeneration             Chrm/Necr      #.........   99%         3    ####...
 Call Canine Familiar     Summ           #.......     99%         3    ####...
 Corona                   Hex            #......      83%         1    ##.....
 Portal Projectile        Hex/Tloc       #.....       99%         3    ####...
 Leda's Liquefaction      Hex/Erth       #.........   100%        4    #####..
 Inner Flame              Hex/Fire       #.......     99%         3    ####...
 Summon Lightning Spire   Summ/Air       #.......     100%        4    #####..
 Summon Guardian Golem    Hex/Summ       #.......     99%         3    ####...


Dungeon Overview and Level Annotations

Branches:
Dungeon (12/15)            Temple (1/1) D:4            Lair (0/6) D:8
    Orc (0/2) D:11

Altars:
Ashenzari
Cheibriados
Dithmenos
Elyvilon
Fedhas
Gozag
Hepliaklqana
Kikubaaqudgha
Makhleb
Nemelex Xobeh
Okawaru
Qazlal
Ru
Sif Muna
Trog
Uskayaw
Vehumet
Wu Jian
Xom
Yredelemnul
Zin
The Shining One

Shops:
D:7 }}*(   D:8 (

Portals:
Ice
Cave: D:12


Innate Abilities, Weirdness & Mutations

You have sharp toenails.
Armour fits poorly on your strangely shaped body.


Message History

Your shield prevents you from hitting the ice dragon.
The ice dragon is lightly wounded.
You hit the ice dragon but do no damage.
The ice dragon is lightly wounded.
The ice dragon breathes frost at you. The blast of cold hits you!
You slash the ice dragon!
The ice dragon is lightly wounded.
You block the ice dragon's attack. The ice dragon barely misses you.
You block the ice dragon's attack.
You hit the ice dragon.
The ice dragon is lightly wounded.
You block the ice dragon's attack. The ice dragon claws you.
* * * LOW HITPOINT WARNING * * *
The ice dragon barely misses you.
You hit the ice dragon but do no damage.
The ice dragon is lightly wounded.
The ice dragon breathes frost at you. The blast of cold hits you!
You die...

.......%..,,,,**
..........,,,,,**
.#........,,,,,,**
###..######.,,,,,*
)#...#≈≈≈≈#..,,,,*
.....+,,,,#..**********#*
.....#≈*,,#.##### *,*...**
.....#*####..##.###.....,*
.....# #.....#.#@Dk.(.∩.,*
.....# #......####.#....,*
.....###.....## **#*,,.**
.............#***********
.............##..,,*********
..................,,,,,,,,,**
..................,,,,,,,,,,**
...................,,,,,,,,,,**
......=....###$...#,,,,,,,,,,,**


You could see an ice dragon and a rime drake.

Vanquished Creatures
  2 two-headed ogres
  The ghost of Salmacis the Cleaver, a novice FoFi of Makhleb (D:10)
  3 unseen horrors
  The ghost of 4thArraOfDagon the Carver, a novice MiMo (D:9)
  A cyclops (D:11)
  A gargoyle (D:11)
  The ghost of 4thArraOfDagon the Slasher, an amateur MiMo of Ashenzari (D:4)
  2 trolls
  A polar bear (D:12)
  Prince Ribbit (D:6)
  A meliai zombie (D:11)
  A hippogriff (D:8)
  2 wyverns
  3 yaks
  A vampire (D:10)
  A steam dragon (D:10)
  Duvessa (D:6)
  4 orc warriors
  4 porcupines (D:8)
  5 ice beasts
  A black bear (D:8)
  4 phantoms
  A necrophage (D:6)
  4 sky beasts
  6 ogres
  3 centaurs
  2 crocodiles (D:8)
  A big kobold (D:8)
  A gnoll sergeant (D:11)
  7 bullfrogs
  Dowan (D:6)
  A wyvern skeleton (D:7)
  7 scorpions
  9 electric eels (D:10)
  7 wights (D:8)
  3 crimson imps
  2 bullfrog zombies
  2 quasits
  3 bullfrog skeletons
  10 hounds
  6 orc priests
  2 centaur skeletons (D:7)
  A jelly (D:6)
  2 iguanas
  12 orc wizards
  9 worker ants
  A hound zombie (D:9)
  A hound skeleton (D:6)
  2 mummies (Ossuary)
  A howler monkey zombie (D:5)
  7 gnolls
  14 adders
  An ooze (D:2)
  3 adder skeletons
  5 worms
  A dart slug (D:1)
  6 leopard geckos
  32 orcs
  4 ball pythons
  8 bats
  4 giant cockroaches
  5 gnoll zombies (Ossuary)
  6 goblins
  6 hobgoblins
  15 jackals
  11 kobolds
  6 quokkas
  3 frilled lizards
  3 goblin skeletons (Ossuary)
  2 hobgoblin skeletons (Ossuary)
  3 hobgoblin zombies (Ossuary)
  2 jackal zombies (D:5)
  6 kobold skeletons (Ossuary)
  4 kobold zombies (Ossuary)
  5 orc skeletons (Ossuary)
  5 orc zombies (Ossuary)
  A quokka skeleton (D:4)
  2 quokka zombies
  5 rats (D:1)
  3 rat skeletons (Ossuary)
  2 rat zombies (Ossuary)
  A fungus (D:8)
330 creatures vanquished.

Vanquished Creatures (collateral kills)
  A worker ant (D:10)
1 creature vanquished.

Vanquished Creatures (others)
  2 polar bears (D:12)
  A yak (D:12)
  Menkaure (Ossuary)
  A mummy (Ossuary)
  A gnoll zombie (Ossuary)
  A gnoll skeleton (Ossuary)
  A goblin zombie (Ossuary)
  4 hobgoblin skeletons (Ossuary)
  A hobgoblin zombie (Ossuary)
  A kobold skeleton (Ossuary)
  A kobold zombie (Ossuary)
  2 rat zombies (Ossuary)
  35 fungi (D:8)
  15 plants (D:8)
67 creatures vanquished.

Grand Total: 398 creatures vanquished

Notes
Turn   | Place    | Note
-------+----------+-------------------------------------------
     0 | D:1      | Ijustatesigmund the Hill Orc Fighter began the quest for the Orb.
     0 | D:1      | Reached XP level 1. HP: 19/19 MP: 1/1
   501 | D:1      | Reached XP level 2. HP: 27/27 MP: 2/2
   521 | D:1      | You fall through a shaft!
   974 | D:1      | Reached XP level 3. HP: 28/33 MP: 3/3
  1681 | D:2      | Found a faded altar of an unknown god.
  1691 | D:2      | Reached XP level 4. HP: 28/41 MP: 4/4
  1705 | D:2      | Reached skill level 5 in Axes
  2450 | D:3      | Reached XP level 5. HP: 47/47 MP: 5/5
  2597 | D:3      | Found a bloodstained altar of Trog.
  2828 | D:3      | Reached skill level 1 in Evocations
  3174 | D:3      | Noticed an ogre
  3183 | D:3      | Killed an ogre
  3183 | D:3      | Reached skill level 5 in Fighting
  3183 | D:3      | Reached XP level 6. HP: 54/56 MP: 7/7
  3553 | D:3      | Found a blossoming altar of Fedhas.
  3553 | D:3      | Found a hazy altar of Hepliaklqana.
  3797 | D:4      | Found a snail-covered altar of Cheibriados.
  3799 | D:4      | Found a staircase to the Ecumenical Temple.
  3835 | Temple   | Entered the Ecumenical Temple
  4036 | Temple   | Became a worshipper of the Shining One
  4348 | D:4      | Reached skill level 1 in Invocations
  4371 | D:4      | Noticed 4thArraOfDagon's ghost (amateur MiMo)
  4391 | D:4      | Killed 4thArraOfDagon's ghost
  4391 | D:4      | Reached XP level 7. HP: 26/62 MP: 7/9
  4995 | D:4      | Reached XP level 8. HP: 50/70 MP: 9/11
  5643 | D:5      | Entered Level 5 of the Dungeon
  5721 | D:5      | Found an ancient bone altar of Kikubaaqudgha.
  5763 | D:5      | Reached skill level 5 in Armour
  5763 | D:5      | Reached skill level 5 in Shields
  5763 | D:5      | Reached skill level 5 in Invocations
  5774 | D:5      | Gained mutation: Armour fits poorly on your strangely shaped body. [potion of mutation]
  5774 | D:5      | Gained mutation: You have sharp toenails. [potion of mutation]
  5896 | D:5      | Reached * piety under the Shining One
  6339 | D:5      | Reached skill level 1 in Dodging
  6394 | D:5      | Found a white marble altar of Elyvilon.
  6436 | D:6      | Noticed an unseen horror
  6455 | D:6      | Killed an unseen horror
  6455 | D:6      | Reached XP level 9. HP: 11/79 MP: 12/14
  6588 | D:6      | Found a radiant altar of Vehumet.
  6595 | D:6      | Noticed Prince Ribbit
  6604 | D:6      | Killed Prince Ribbit
  6751 | D:6      | Found a sand-covered staircase.
  6751 | D:6      | Noticed Duvessa
  6752 | D:6      | Noticed Dowan
  6758 | D:6      | Killed Duvessa
  6760 | D:6      | Killed Dowan
  6764 | Ossuary  | Entered an ossuary
  6893 | Ossuary  | Reached ** piety under the Shining One
  6958 | Ossuary  | Reached *** piety under the Shining One
  7114 | Ossuary  | Reached **** piety under the Shining One
  7150 | Ossuary  | Killed Menkaure
  7478 | D:6      | Found a deep blue altar of Sif Muna.
  7503 | D:6      | Found an opulent altar of Gozag.
  7745 | D:6      | Found a shimmering altar of Xom.
  7884 | D:7      | Reached XP level 10. HP: 90/90 MP: 16/16
  7895 | D:7      | Reached ***** piety under the Shining One
  8157 | D:7      | Found Xigeori's Antique Weapon Shop.
  8164 | D:7      | Found Roasagg's Assorted Antiques.
  8165 | D:7      | Bought a runed war axe for 201 gold pieces
  8170 | D:7      | Bought a scroll labeled ROYGEU QAATARO for 24 gold pieces
  8170 | D:7      | Bought a scroll of identify for 48 gold pieces
  8170 | D:7      | Bought a scroll of identify for 48 gold pieces
  8205 | D:7      | Found Lymiarph's Gadget Shoppe.
  8206 | D:7      | Found Qackiusu's Gadget Boutique.
  8381 | D:7      | You fall through a shaft for 3 floors!
  8381 | D:10     | Entered Level 10 of the Dungeon
  8409 | D:10     | Noticed Salmacis's ghost (novice FoFi)
  8481 | D:8      | Reached skill level 10 in Axes
  8658 | D:8      | Found Kethrual's Antique Weapon Emporium.
  8713 | D:8      | Bought a runed morningstar for 196 gold pieces
  9082 | D:8      | Found a staircase to the Lair.
  9086 | D:8      | Reached skill level 10 in Fighting
  9282 | D:8      | Found an ornate altar of the Wu Jian Council.
  9289 | D:8      | Found a bloodstained altar of Trog.
  9317 | D:8      | Reached skill level 10 in Invocations
  9488 | D:8      | Found a shadowy altar of Dithmenos.
  9746 | D:9      | Noticed 4thArraOfDagon's ghost (novice MiMo)
  9758 | D:9      | Killed 4thArraOfDagon's ghost
 10002 | D:9      | Reached XP level 11. HP: 58/101 MP: 6/18
 10160 | D:9      | Found a glowing silver altar of Zin.
 11272 | D:10     | Noticed a two-headed ogre
 11500 | D:10     | Killed a two-headed ogre
 11676 | D:10     | Killed Salmacis's ghost
 13184 | D:10     | Noticed an unseen horror
 13196 | D:10     | Killed an unseen horror
 13439 | D:11     | Noticed a two-headed ogre
 13455 | D:11     | Killed a two-headed ogre
 13455 | D:11     | Reached skill level 5 in Dodging
 13893 | D:11     | Found a staircase to the Orcish Mines.
 13916 | D:11     | Noticed a cyclops
 13929 | D:11     | Killed a cyclops
 14361 | D:12     | Noticed an unseen horror
 14376 | D:12     | Killed an unseen horror
 14414 | D:12     | Reached XP level 12. HP: 61/110 MP: 10/21
 14466 | D:12     | Found a frozen archway.
 14468 | D:12     | Noticed an ice dragon
 14509 | D:12     | Killed from afar by an ice dragon

Vault maps used:
D:1:      minmay_arrival_open_corners
D:2:      first_ration, chequers_ecumenical_altar_island
D:3:      gammafunk_temple_overflow_pools, trog_three_pillars_becter
D:4:      overflow_temple_1_default, minmay_temple_entry_butterflies,
          minmay_a_box_with_orc_wizards_in_it
D:5:      kennysheep_big_empty_room, hangedman_feature_mirror
D:6:      vehumet_crystals, kennysheep_little_box, grunt_gozag_breadcrumbs,
          lemuel_crystal_altar, nicolae_ossuary_entry_false_entrances,
          uniq_duvessa, uniq_prince_ribbit1
D:7:      serial_shops, nicolae_shop_trees, nicolae_shop_statue_plus, shop, shop
D:8:      overflow_temple_1_default, lightli_temple_of_fire,
          grunt_dithmenos_shadows, due_lair_maze_entry_diamond, serial_shops,
          nicolae_shop_temple_entry_statues_fountains
D:9:      marbit_many_paths, minivault_25
D:11:     orc_0_dummy
D:12:     portal_ice_cave_entry_animals_and_master, serial_park,
          serial_park_tiny_2, serial_park_square1, hangedman_fish_farm,
          tgw_lugonu_bribe
Temple:   minmay_temple_curvy_loop
Ossuary:  ossuary_due_pyramid

Skill      XL: |  1  2  3  4  5  6  7  8  9 10 11 |
---------------+----------------------------------+-----
Axes           | 3 4 5 6 8 9 11 12 | 12.3
Fighting       | 4 5 7 8 10 11 | 11.3
Evocations     | 2 |  2.5
Invocations    | 2 4 6 8 10 12 | 12.3
Armour         | 4 5 6 |  6.5
Shields        | 4 5 6 |  6.5
Dodging        | 2 3 4 5 |  5.1

Action                   |  1- 3 |  4- 6 |  7- 9 | 10-12 || total
-------------------------+-------+-------+-------+-------++-------
Melee: War axe           |   104 |   195 |   236 |   445 ||   980
       Kick              |       |       |    37 |    36 ||    73
Invok: Divine Shield     |       |       |       |     7 ||     7
 Abil: Evoke Berserk Rag |       |     4 |     5 |     6 ||    15
Evoke: Wand              |       |       |       |    24 ||    24
  Use: Scroll            |     4 |     6 |    10 |    14 ||    34
       Potion            |       |     6 |     1 |     3 ||    10
  Eat: Chunk             |     2 |     6 |     4 |    12 ||    24
       Ration            |       |     2 |     3 |     5 ||    10
Armor: Scale mail        |    51 |    68 |    74 |    31 ||   224
       Chain mail        |       |       |       |    50 ||    50
       Troll leather arm |       |       |       |    27 ||    27
Dodge: Dodged            |    26 |    39 |    61 |   120 ||   246
Block: Shield            |    63 |    71 |   128 |   289 ||   551

Table legend:
 A = Spawn XP
 B = Non-spawn XP
 C = Spawn XP percentage of total XP
 D = Spawn monster count
 E = Non-spawn monster count
 F = Spawn count percentage of total count
 G = Total turns spent on level
                    A         B        C        D         E        F      G
               +---------+---------+-------+---------+---------+-------+---------
         Total |       0 |   19447 |   0.0 |       0 |     327 |   0.0 | 14509
               +---------+---------+-------+---------+---------+-------+---------
           D:1 |       0 |      35 |   0.0 |       0 |      21 |   0.0 |  1138
           D:2 |       0 |      70 |   0.0 |       0 |      21 |   0.0 |  1224
           D:3 |       0 |     428 |   0.0 |       0 |      39 |   0.0 |  1551
           D:4 |       0 |     905 |   0.0 |       0 |      25 |   0.0 |  1482
           D:5 |       0 |     824 |   0.0 |       0 |      17 |   0.0 |   891
           D:6 |       0 |    1836 |   0.0 |       0 |      25 |   0.0 |   808
           D:7 |       0 |    1025 |   0.0 |       0 |      21 |   0.0 |   675
           D:8 |       0 |    3290 |   0.0 |       0 |      35 |   0.0 |  1112
           D:9 |       0 |     958 |   0.0 |       0 |       9 |   0.0 |  1099
          D:10 |       0 |    3774 |   0.0 |       0 |      25 |   0.0 |  2394
          D:11 |       0 |    3582 |   0.0 |       0 |      32 |   0.0 |  1150
          D:12 |       0 |    2652 |   0.0 |       0 |      21 |   0.0 |   245
       Ossuary |       0 |      68 |   0.0 |       0 |      36 |   0.0 |   492
               +---------+---------+-------+---------+---------+-------+---------
